 Dungeon Crawl Stone Soup version 0.26-a0-712-ga5a9c9c9d0 (webtiles) character file.

Game seed: 12526440216879659876

(classic levelgen) 83 EnegeticOcto the Shield-Bearer (level 4, 30/42 HPs)
             Began as a Deep Dwarf Fighter on Nov 4, 2020.
             Quit the game in an ossuary.
             The game lasted 00:00:47 (389 turns).

EnegeticOcto the Shield-Bearer (Deep Dwarf Fighter)  Turns: 389, Time: 00:00:48

Health: 30/42      AC:  7    Str: 21    XL:     4   Next: 22%
Magic:  3/3        EV:  7    Int:  8    God:
Gold:   22         SH:  9    Dex: 12    Spells: 3/3 levels left

rFire    . . .     SeeInvis .   a - +0 war axe
rCold    . . .     Faith    .   c - +0 kite shield
rNeg     . . .     Spirit   .   b - +0 scale mail
rPois    .         Reflect  .   (no helmet)
rElec    .         Harm     .   (no cloak)
rCorr    .         Rampage  .   (no gloves)
MR       .....                  (no boots)
Stlth    ..........             (no amulet)
HPRegen  0.00/turn              (no ring)
MPRegen  0.08/turn              (no ring)

@: marked, non-regenerating
A: damage resistance, heal wounds, sense surroundings 1, no regeneration
a: Heal Wounds


You were in an ossuary.
You visited 1 branch of the dungeon, and saw 4 of its levels.
You also visited: Ossuary.

You collected 22 gold pieces.

Inventory:

Hand Weapons
 a - a +0 war axe (weapon)
Armour
 b - a +0 scale mail (worn)
 c - a +0 kite shield (worn)
Scrolls
 g - a scroll of noise {unknown}
 h - a scroll of remove curse {unknown}
 i - a scroll of amnesia {unknown}
Potions
 d - a potion of might {@q3}
 e - a potion of berserk rage {unknown}
 f - a potion of magic {unknown}


   Skills:
 + Level 3.2 Fighting
 * Level 3.5 Axes
 + Level 3.8 Armour
 + Level 3.9 Shields


You had 3 spell levels left.
You didn't know any spells.
Your spell library was empty.

Dungeon Overview and Level Annotations

Branches:
Dungeon (4/15)            Ossuary (1/1)
 Temple: D:4-7

Altars:


Innate Abilities, Weirdness & Mutations

You are resistant to damage.
You can heal yourself by infusing magical energy.
You passively map a small area around you.
You do not regenerate.


Message History

A spear hits the orc skeleton!
You slice the kobold skeleton!!
You destroy the kobold skeleton!
You hit the kobold skeleton. You block the kobold skeleton's attack.
You block the gnoll zombie's attack.
You hit the gnoll zombie.
The gnoll zombie is heavily damaged.
You slash the kobold skeleton!
You destroy the kobold skeleton!
You block the gnoll zombie's attack.
You hit the gnoll zombie but do no damage.
The gnoll zombie is heavily damaged.
You slash the rat zombie!
You destroy the rat zombie!
You block the gnoll zombie's attack.
A spear hits the goblin zombie!
The goblin zombie is destroyed!
The orc skeleton hits you.
You slice the gnoll zombie!!
You destroy the gnoll zombie!
You barely miss the orc skeleton. You block the orc skeleton's attack.
You hit the hobgoblin skeleton.
The hobgoblin skeleton is heavily damaged.
You slash the orc skeleton!
You destroy the orc skeleton!
The hobgoblin skeleton closely misses you.
You slash the hobgoblin skeleton!
You destroy the hobgoblin skeleton!
Really walk into that spear trap? [Y]es or [N]o only, please.
Really walk into that spear trap? [Y]es or [N]o only, please.
Really walk into that spear trap? [Y]es or [N]o only, please.
Really walk into that spear trap? [Y]es or [N]o only, please.
Really walk into that spear trap? [Y]es or [N]o only, please.
Really walk into that spear trap? [Y]es or [N]o only, please.
Really walk into that spear trap? [Y]es or [N]o only, please.
Really walk into that spear trap? [Y]es or [N]o only, please.
Really walk into that spear trap? [Y]es or [N]o only, please.
Really walk into that spear trap? [Y]es or [N]o only, please.
Really walk into that spear trap? [Y]es or [N]o only, please.
Really walk into that spear trap? [Y]es or [N]o only, please.
Really walk into that spear trap? [Y]es or [N]o only, please.
Really walk into that spear trap?
You avoid triggering a spear trap.
There is a spear trap here.
Really walk onto that alarm trap? [Y]es or [N]o only, please.
Really walk onto that alarm trap? [Y]es or [N]o only, please.
Really walk onto that alarm trap? [Y]es or [N]o only, please.
Really walk onto that alarm trap? [Y]es or [N]o only, please.
Really walk onto that alarm trap? [Y]es or [N]o only, please.
Really walk onto that alarm trap? [Y]es or [N]o only, please.
Really walk onto that alarm trap?
You set off the alarm!
The alarm trap emits a blaring wail!
The mark upon you grows brighter.
Really walk into that arrow trap? [Y]es or [N]o only, please.
Really walk into that arrow trap? [Y]es or [N]o only, please.
Really walk into that arrow trap? [Y]es or [N]o only, please.
Really walk into that arrow trap? [Y]es or [N]o only, please.
Really walk into that arrow trap? [Y]es or [N]o only, please.
Really walk into that arrow trap? [Y]es or [N]o only, please.
Really walk into that arrow trap?
You avoid triggering an arrow trap.
There is an arrow trap here. 2 zombies come into view.
A goblin skeleton comes into view.
A spear hits the hobgoblin zombie!
Your scale mail prevents you from hitting the hobgoblin zombie.
The hobgoblin zombie is heavily damaged.
The hobgoblin zombie hits you but does no damage.
You hit the hobgoblin zombie.
The hobgoblin zombie is heavily damaged.
The hobgoblin zombie hits you but does no damage.
You slice the hobgoblin zombie!!
You destroy the hobgoblin zombie!
You barely miss the rat zombie. You block the rat zombie's attack.
Are you sure you want to abandon this character and quit the game? (Confirm with "yes".)

##^.##..## , * ##..##..## *
, ##..##..##,, , ,
##..##..##,,* , ,, ,^
##..##..## * , ##..##..## *
* ##..##..## , ,, ,
##..##..#########
##..##^...@ZZ....^ ,,
##..########################
#.....^..^.............^....
############################


You could see a rat zombie and a goblin skeleton.

Vanquished Creatures
  A bullfrog zombie (D:4)
  2 adders (D:2)
  3 leopard geckos
  2 ball pythons
  2 bats (D:1)
  A goblin (D:2)
  A gnoll skeleton (Ossuary)
  5 gnoll zombies (Ossuary)
  3 goblin skeletons (Ossuary)
  A goblin zombie (Ossuary)
  2 hobgoblin skeletons (Ossuary)
  2 hobgoblin zombies (Ossuary)
  6 kobold skeletons (Ossuary)
  3 kobold zombies (Ossuary)
  An orc skeleton (Ossuary)
  2 orc zombies (Ossuary)
  3 rats (D:1)
  A rat skeleton (Ossuary)
  A rat zombie (Ossuary)
42 creatures vanquished.

Vanquished Creatures (others)
  A goblin zombie (Ossuary)
1 creature vanquished.

Grand Total: 43 creatures vanquished

Notes
Turn   | Place    | Note
-------+----------+-------------------------------------------
     0 | D:1      | EnegeticOcto the Deep Dwarf Fighter began the quest for the
                  | Orb.
     0 | D:1      | Reached XP level 1. HP: 20/20 MP: 1/1
    77 | D:2      | Reached XP level 2. HP: 25/27 MP: 2/2
   124 | D:2      | Reached XP level 3. HP: 16/33 MP: 3/3
   196 | D:4      | Found a sand-covered staircase.
   213 | Ossuary  | Entered an ossuary
   220 | Ossuary  | Reached XP level 4. HP: 35/42 MP: 3/3
   389 | Ossuary  | Quit the game

Illustrated notes

Levels and vault maps discovered:
D:1:      onia_arrival_handbag, layout_basic, chequers_serial_rivers_room_b
D:2:      layout_basic, overflow_temple_1_default
D:3:      layout_basic
D:4:      layout_basic, enter_ossuary_1
Ossuary:  ossuary_due_pyramid

Skill      XL: |  1  2  3 |
---------------+----------+-----
Axes           | 3 |  3.5
Fighting       | 3 |  3.2
Armour         | |  3.8
Shields        | |  3.9

Action                   |  1- 3 |  4- 6 || total
-------------------------+-------+-------++-------
Melee: War axe           |    63 |    47 ||   110
 Abil: Heal Wounds       |     1 |       ||     1
Armor: Scale mail        |    49 |    11 ||    60
Dodge: Dodged            |    29 |     8 ||    37
Block: Kite shield       |    40 |    17 ||    57

Table legend: (Time is in decaauts)
 A = Elapsed time spent in this place.
 B = Non-inter-level travel time spent in this place.
 C = Inter-level travel time spent in this place.
 D = Time resting spent in this place.
 E = Time spent auto-exploring this place.
 F = Levels seen in this place.
 G = Mean time per level.
                   A        B        C        D        E       F      G
               +--------+--------+--------+--------+--------+-----+--------+
         Total |    434 |    403 |     31 |      0 |    111 |   5 |   86.8 |
       Dungeon |    236 |    205 |     31 |      0 |     79 |   4 |   59.0 |
       Ossuary |    198 |    198 |      0 |      0 |     32 |   1 |  198.0 |
               +--------+--------+--------+--------+--------+-----+--------+

Top non-repeatable levels by time:
 Ossuary: 198 daAuts
     D:1: 83 daAuts
     D:2: 80 daAuts
     D:3: 47 daAuts
     D:4: 25 daAuts
